 Dungeon Crawl Stone Soup version 0.29-a0-317-gd16b76e6b1 (webtiles) character file.

Game seed: 1032222978555542499

121 Bnni the Skirmisher (level 4, -4/37 HPs)
             Began as a Demonspawn Fighter on Mar 31, 2022.
             Slain by Thargor's ghost (9 damage)
             ... on level 3 of the Dungeon.
             The game lasted 00:03:33 (2644 turns).

Bnni the Skirmisher (Demonspawn Fighter)            Turns: 2644, Time: 00:03:33

Health: -4/37      AC: 18    Str: 19    XL:     4   Next: 77%
Magic:  4/4        EV:  5    Int:  9    God:
Gold:   142        SH:  4    Dex: 12    Spells: 3/3 levels left

rFire   . . .      SeeInvis +   a - +0 long sword
rCold   . . .      Faith    .   c - +0 buckler
rNeg    . . .      Spirit   .   q - +0 plate armour
rPois   .          Reflect  .   g - +0 helmet
rElec   .          Harm     .   (no cloak)
rCorr   +          Rampage  .   (no gloves)
Will    .....                   (no boots)
Stlth   ..........              (no amulet)
HPRegen 0.12/turn               i - ring of resist corrosion
MPRegen 0.18/turn               p - ring of see invisible

@: mighty, sanguine armoured
A: magic regeneration, sanguine armour 1
a: no special abilities


You were on level 3 of the Dungeon.
You visited 1 branch of the dungeon, and saw 3 of its levels.

You collected 162 gold pieces.
You spent 20 gold pieces at shops.

Inventory:

Hand Weapons
 a - a +0 long sword (weapon)
 f - a +1 dagger of draining
 o - a +0 trident
Armour
 c - a +0 buckler (worn)
 g - a +0 helmet (worn)
 q - a +0 plate armour (worn)
Jewellery
 i - a ring of resist corrosion (left hand)
 p - a ring of see invisible (right hand)
Scrolls
 b - a scroll of identify
 e - a scroll of amnesia {unknown}
 h - a scroll of acquirement {unknown}
 j - a scroll of teleportation {unknown}
 k - a scroll of vulnerability {unknown}
 m - a scroll of enchant weapon
 r - a scroll of fear {unknown}
Potions
 l - 2 potions of heal wounds
 n - a potion of brilliance {unknown}


   Skills:
 + Level 3.9 Fighting
 * Level 3.9 Long Blades
 - Level 2.6 Armour
 - Level 2.6 Shields


You had 3 spell levels left.
You didn't know any spells.
Your spell library contained the following spells:

 Spells                   Type           Power      Damage    Failure   Level
 Corpse Rot               Necr/Air       0%         N/A       100%        2
 Poisonous Vapours        Pois/Air       0%         N/A       100%        2
 Portal Projectile        Hex/Tloc       0%         N/A       100%        3
 Hailstorm                Conj/Ice       0%         3d3       100%        4
 Ice Form                 Ice/Tmut       0%         N/A       100%        4
 Blade Hands              Tmut           0%         N/A       100%        5
 Excruciating Wounds      Necr           0%         N/A       100%        5
 Simulacrum               Ice/Necr       0%         N/A       100%        6


Dungeon Overview and Level Annotations

Branches:
Dungeon (3/15)

Altars:

Shops:
D:2 =!?

Annotations:
D:3 Thargor's ghost, amateur MiFi


Innate Abilities, Weirdness & Mutations

You regenerate magic rapidly.
When seriously injured, your blood forms armour. (AC +6)


Message History

You hit Thargor's ghost.
Thargor's ghost is moderately damaged.
Thargor's ghost barely misses you.
You hit Thargor's ghost but do no damage.
Thargor's ghost is moderately damaged.
Thargor's ghost hits you!
You are too injured to fight recklessly!
You are too injured to fight recklessly!
You are too injured to fight recklessly!
You are too injured to fight recklessly!
You are too injured to fight recklessly!
You are too injured to fight recklessly!
You are too injured to fight recklessly!
You are too injured to fight recklessly!
You are too injured to fight recklessly!
You feel very mighty all of a sudden. Thargor's ghost barely misses you.
You slash Thargor's ghost!
Thargor's ghost is severely damaged.
Thargor's ghost says, "They lied to you.
The Dungeon just goes down and down forever."
You block Thargor's ghost's attack. Thargor's ghost hits you.
* * * LOW HITPOINT WARNING * * *
You closely miss Thargor's ghost.
Thargor's ghost is severely damaged.
You block Thargor's ghost's attack.
You slash Thargor's ghost!
Thargor's ghost is almost destroyed.
Thargor's ghost says, "What do you have that I didn't have?"
Thargor's ghost hits you.
* * * LOW HITPOINT WARNING * * *
You hit Thargor's ghost but do no damage.
Thargor's ghost is almost destroyed.
Thargor's ghost whispers, "The ORB doesn't exist."
Thargor's ghost hits you.
* * * LOW HITPOINT WARNING * * *
You closely miss Thargor's ghost.
Thargor's ghost is almost destroyed.
Thargor's ghost hits you but does no damage.
Thargor's ghost hits you!
You die...

#.# ## ... #.#
#.. #.# #..#
#.###.#.#
#.#.##)# #...##.#
#######..#.#
≈$≈≈≈≈W@...#
########..### #.#
#...## #.# ##.##
#.# #.# #### #.#
#.# ...# ##.##
#.#
##.#####...####.#
................#


You could see Thargor's ghost.

Vanquished Creatures
  6 adders
  A worm (D:2)
  4 dart slugs
  2 orcs (D:3)
  2 endoplasms
  3 giant cockroaches
  3 goblins
  6 hobgoblins
  5 quokkas
  A ball python (D:1)
  10 bats
  2 frilled lizards
  7 kobolds
  5 rats
57 creatures vanquished.

Notes
Turn   | Place    | Note
-------+----------+-------------------------------------------
     0 | D:1      | Bnni the Demonspawn Fighter began the quest for the Orb.
     0 | D:1      | Reached XP level 1. HP: 18/18 MP: 1/1
   234 | D:1      | Found a faded altar of an unknown god.
   490 | D:1      | Gained mutation: You regenerate magic rapidly. [demonic
                  | ancestry]
   490 | D:1      | Reached XP level 2. HP: 14/18 MP: 2/2
  1268 | D:1      | Reached XP level 3. HP: 26/27 MP: 3/3
  1720 | D:2      | Found Huratida's Magic Scroll Shop.
  1739 | D:2      | Bought a scroll of identify for 20 gold pieces
  1890 | D:2      | Found Laes's Jewellery Shop.
  1929 | D:2      | Found Raeffem's Distillery.
  2100 | D:2      | Gained mutation: When seriously injured, your blood forms
                  | armour. (AC +6) [demonic ancestry]
  2100 | D:2      | Reached XP level 4. HP: 37/37 MP: 4/4
  2587 | D:3      | Found a runed translucent door.
  2594 | D:3      | Noticed Thargor's ghost (amateur MiFi)
  2644 | D:3      | Slain by Thargor's ghost

Illustrated notes

Levels and vault maps discovered:
D:1:      lightli_molten_gateway, layout_loops_corners,
          hellmonk_ecumenical_altar_blasted
D:2:      minmay_inner_zag, layout_basic, serial_shops, shop,
          nicolae_square_shop, nicolae_diamond_shop, minmay_quantized
D:3:      layout_loops_ring, ebering_ghost_sewer_d

Skill      XL: |  1  2  3 |
---------------+----------+-----
Long Blades    | 2 3 |  3.9
Fighting       | |  3.9
Armour         | |  2.6
Shields        | |  2.6

Action                   |  1- 3 |  4- 6 || total
-------------------------+-------+-------++-------
Melee: Long sword        |    22 |    29 ||    51
       Dagger            |   129 |    45 ||   174
  Use: Scroll            |     2 |       ||     2
       Potion            |       |     1 ||     1
Armor: Scale mail        |    77 |     1 ||    78
       Plate armour      |       |    31 ||    31
Dodge: Dodged            |    64 |    26 ||    90
Block: Buckler           |    37 |    16 ||    53

Table legend: (Time is in decaauts)
 A = Elapsed time spent in this place.
 B = Non-inter-level travel time spent in this place.
 C = Inter-level travel time spent in this place.
 D = Time resting spent in this place.
 E = Time spent auto-exploring this place.
 F = Levels seen in this place.
 G = Mean time per level.
                   A        B        C        D        E       F      G
               +--------+--------+--------+--------+--------+-----+--------+
         Total |   2650 |   2617 |     33 |    340 |   1801 |   3 |  883.3 |
       Dungeon |   2650 |   2617 |     33 |    340 |   1801 |   3 |  883.3 |
               +--------+--------+--------+--------+--------+-----+--------+

Top non-repeatable levels by time:
     D:1: 1589 daAuts
     D:2: 839 daAuts
     D:3: 221 daAuts
